[ PARTIDA AOE2 · #479754422 ]
UnrankedMongoles vs Khmer
Equipo del jugador · DERR
[ ANÁLISIS DE REPETICIÓN · EXTRAÍDO DE LA PARTIDA GRABADA ]
Feudal
10:33
Castillos
16:19
Imperial
31:46
| APM promedio | 18.3 |
| APM pico | 61 |
| eAPM promedio | 14.8 |
| Aldeanos / militares | 198 / 37 |
Foco
⚔️ 17.5% · 🌾 82.5%
Mangonel ×19 · Mangudai ×18
Feudal
10:07
Castillos
19:56
Imperial
33:24
| APM promedio | 22.2 |
| APM pico | 71 |
| eAPM promedio | 11.8 |
| Aldeanos / militares | 94 / 46 |
Foco
⚔️ 19.4% · 🌾 80.6%
Spearman ×19 · Knight ×15 · Battle Elephant ×8 · Ballista Elephant ×3 · Militia ×1
Feudal
10:34
Castillos
20:47
Imperial
32:50
| APM promedio | 34.1 |
| APM pico | 82 |
| eAPM promedio | 17.6 |
| Aldeanos / militares | 142 / 109 |
Foco
⚔️ 21.5% · 🌾 78.5%
Hand Cannoneer ×57 · Skirmisher ×37 · Scout Cavalry ×7 · Bombard Cannon ×7 · Monk ×1
Feudal
11:01
Castillos
15:59
Imperial
31:26
| APM promedio | 28.6 |
| APM pico | 97 |
| eAPM promedio | 23.8 |
| Aldeanos / militares | 154 / 154 |
Foco
⚔️ 14.6% · 🌾 85.4%
Scorpion ×152 · Monk ×1 · Trebuchet (Packed) ×1
Feudal
9:39
Castillos
25:54
Imperial
—
| APM promedio | 25.6 |
| APM pico | 55 |
| eAPM promedio | 16.2 |
| Aldeanos / militares | 119 / 57 |
Foco
⚔️ 21.8% · 🌾 78.2%
Scout Cavalry ×23 · Knight ×16 · Steppe Lancer ×9 · Monk ×3 · Mangonel ×3 · Battering Ram ×3
Feudal
—
Castillos
—
Imperial
—
| APM promedio | 21.8 |
| APM pico | 43 |
| eAPM promedio | 12.1 |
| Aldeanos / militares | 79 / 45 |
Foco
⚔️ 26.7% · 🌾 73.3%
Hand Cannoneer ×28 · Scout Cavalry ×11 · Bombard Cannon ×4 · Monk ×2
Feudal
13:37
Castillos
18:22
Imperial
31:52
| APM promedio | 9.3 |
| APM pico | 26 |
| eAPM promedio | 8.8 |
| Aldeanos / militares | 114 / 96 |
Foco
⚔️ 19.5% · 🌾 80.5%
Knight ×92 · Trebuchet (Packed) ×3 · Monk ×1
Feudal
10:34
Castillos
14:22
Imperial
31:16
| APM promedio | 20.9 |
| APM pico | 44 |
| eAPM promedio | 14.0 |
| Aldeanos / militares | 136 / 65 |
Foco
⚔️ 20.3% · 🌾 79.7%
War Elephant ×56 · Trebuchet (Packed) ×6 · Spearman ×3
Mapa de la partida
Recursos iniciales + cada clic de construcción. Líneas = muros · curvas = relieve. ◆ oro · ⬟ piedra · ● bayas · ✦ reliquia · ◌ hueco del cierre
Tu base· ✓ Cerrada en 16:19 · 0t muro · 2 puerta(s)
Base de BubbleButt87· ✓ Cerrada en 19:56 · 0t muro · 3 puerta(s)
Base de [PPP] BlackPanter· ✓ Cerrada en 20:47 · 0t muro · 2 puerta(s)
Base de Grnhulk· ✓ Cerrada en 15:59 · 0t muro · 2 puerta(s)
Base de _188_Lara88_Arg_· ✓ Cerrada en 25:54 · 2t muro · 2 puerta(s)
Base de MaxedWayOut· ✓ Cerrada en 15:19 · 0t muro · 2 puerta(s)
Base de [MCC] Bacteria-Am· ✓ Cerrada en 18:22 · 0t muro · 2 puerta(s)
Base de b7ackwar· ✓ Cerrada en 14:22 · 0t muro · 2 puerta(s)
Terreno inicial suavizado · ◌ = hueco del cierre detectado · pasá el cursor para detalles
Inputs por minuto
— 满满 - - BubbleButt87
Build order — 满满
Primeras 150 de 430 acciones detectadas
| 0:07 | Construir | House |
| 0:10 | Construir | House |
| 0:13 | Construir | House |
| 0:15 | Crear | Villager (Male) |
| 0:15 | Crear | Villager (Male) |
| 0:15 | Crear | Villager (Male) |
| 0:16 | Crear | Villager (Male) |
| 1:44 | Crear | Villager (Male) |
| 2:14 | Crear | Villager (Male) |
| 2:24 | Construir | Lumber Camp |
| 2:34 | Crear | Villager (Male) |
| 3:01 | Crear | Villager (Male) |
| 3:19 | Crear | Villager (Male) |
| 3:57 | Crear | Villager (Male) |
| 4:04 | Construir | Mill |
| 4:16 | Crear | Villager (Male) |
| 4:48 | Crear | Villager (Male) |
| 5:26 | Crear | Villager (Male) |
| 5:27 | Crear | Villager (Male) |
| 5:27 | Crear | Villager (Male) |
| 5:35 | Construir | House |
| 5:36 | Construir | House |
| 5:38 | Construir | House |
| 5:54 | Construir | Lumber Camp |
| 5:56 | Crear | Villager (Male) |
| 5:56 | Crear | Villager (Male) |
| 6:36 | Crear | Villager (Male) |
| 6:36 | Crear | Villager (Male) |
| 7:21 | Crear | Villager (Male) |
| 7:23 | Crear | Villager (Male) |
| 8:10 | Construir | Mill |
| 8:23 | Investigar | Feudal Age |
| 8:24 | Investigar | Feudal Age |
| 8:32 | Construir | Farm |
| 8:33 | Construir | Farm |
| 8:35 | Construir | Farm |
| 8:37 | Construir | Farm |
| 10:33 | Edad | Edad Feudal |
| 10:36 | Construir | Blacksmith |
| 10:47 | Construir | Market |
| 10:57 | Crear | Villager (Male) |
| 10:58 | Crear | Villager (Male) |
| 11:49 | Crear | Villager (Male) |
| 12:10 | Crear | Villager (Male) |
| 12:45 | Construir | Farm |
| 12:48 | Construir | Farm |
| 12:49 | Crear | Villager (Male) |
| 12:50 | Crear | Villager (Male) |
| 13:36 | Investigar | Castle Age |
| 14:05 | Investigar | Double-Bit Axe |
| 14:06 | Investigar | Double-Bit Axe |
| 14:12 | Construir | House |
| 14:14 | Construir | House |
| 14:15 | Construir | House |
| 14:42 | Construir | Farm |
| 14:43 | Construir | Farm |
| 14:44 | Construir | Farm |
| 14:46 | Construir | Farm |
| 15:26 | Construir | House |
| 15:27 | Construir | House |
| 15:29 | Construir | House |
| 15:32 | Construir | House |
| 15:33 | Construir | House |
| 15:56 | Investigar | Horse Collar |
| 15:56 | Investigar | Horse Collar |
| 16:06 | Crear | Villager (Male) |
| 16:06 | Crear | Villager (Male) |
| 16:06 | Crear | Villager (Male) |
| 16:07 | Crear | Villager (Male) |
| 16:19 | Edad | Edad de los Castillos |
| 16:22 | Construir | Town Center |
| 16:35 | Construir | Town Center |
| 17:39 | Crear | Villager (Male) |
| 17:45 | Crear | Villager (Male) |
| 17:45 | Crear | Villager (Male) |
| 17:46 | Crear | Villager (Male) |
| 17:46 | Crear | Villager (Male) |
| 17:46 | Crear | Villager (Male) |
| 17:52 | Construir | Farm |
| 17:58 | Construir | Farm |
| 18:00 | Construir | Farm |
| 18:02 | Construir | Farm |
| 18:03 | Crear | Villager (Male) |
| 18:03 | Crear | Villager (Male) |
| 18:04 | Crear | Villager (Male) |
| 18:11 | Crear | Villager (Male) |
| 18:11 | Crear | Villager (Male) |
| 18:12 | Crear | Villager (Male) |
| 18:12 | Crear | Villager (Male) |
| 18:13 | Crear | Villager (Male) |
| 18:13 | Crear | Villager (Male) |
| 18:16 | Construir | Farm |
| 18:17 | Construir | Farm |
| 18:20 | Crear | Villager (Male) |
| 18:21 | Crear | Villager (Male) |
| 18:35 | Construir | House |
| 18:36 | Construir | House |
| 18:36 | Construir | House |
| 18:37 | Construir | House |
| 18:40 | Construir | Farm |
| 18:43 | Construir | Farm |
| 18:44 | Crear | Villager (Male) |
| 18:44 | Crear | Villager (Male) |
| 18:56 | Construir | Farm |
| 18:57 | Construir | Farm |
| 18:59 | Crear | Villager (Male) |
| 18:59 | Crear | Villager (Male) |
| 18:59 | Crear | Villager (Male) |
| 19:02 | Crear | Villager (Male) |
| 19:02 | Crear | Villager (Male) |
| 19:12 | Construir | Farm |
| 19:19 | Crear | Villager (Male) |
| 19:19 | Crear | Villager (Male) |
| 19:24 | Crear | Villager (Male) |
| 19:24 | Crear | Villager (Male) |
| 19:34 | Construir | Farm |
| 19:43 | Construir | Farm |
| 19:45 | Crear | Villager (Male) |
| 19:45 | Crear | Villager (Male) |
| 19:45 | Crear | Villager (Male) |
| 19:51 | Crear | Villager (Male) |
| 19:51 | Crear | Villager (Male) |
| 19:54 | Construir | Farm |
| 19:58 | Construir | Farm |
| 19:59 | Crear | Villager (Male) |
| 19:59 | Crear | Villager (Male) |
| 19:59 | Crear | Villager (Male) |
| 20:00 | Crear | Villager (Male) |
| 20:01 | Crear | Villager (Male) |
| 20:10 | Crear | Villager (Male) |
| 20:10 | Crear | Villager (Male) |
| 20:19 | Construir | Farm |
| 20:23 | Construir | House |
| 20:24 | Construir | House |
| 20:24 | Construir | House |
| 20:25 | Construir | House |
| 20:26 | Construir | House |
| 20:27 | Crear | Villager (Male) |
| 20:27 | Crear | Villager (Male) |
| 20:27 | Crear | Villager (Male) |
| 20:31 | Crear | Villager (Male) |
| 20:32 | Crear | Villager (Male) |
| 20:38 | Construir | Farm |
| 20:42 | Crear | Villager (Male) |
| 20:43 | Crear | Villager (Male) |
| 20:45 | Construir | Farm |
| 20:47 | Crear | Villager (Male) |
| 20:48 | Crear | Villager (Male) |
| 20:51 | Construir | Farm |
| 20:52 | Crear | Villager (Male) |
Build order — BubbleButt87
Primeras 150 de 229 acciones detectadas
| 0:02 | Crear | Villager (Male) |
| 0:02 | Crear | Villager (Male) |
| 0:02 | Crear | Villager (Male) |
| 0:03 | Construir | House |
| 0:04 | Construir | House |
| 0:06 | Construir | House |
| 0:21 | Crear | Villager (Male) |
| 1:36 | Crear | Villager (Male) |
| 1:59 | Crear | Villager (Male) |
| 2:11 | Construir | Lumber Camp |
| 2:27 | Crear | Villager (Male) |
| 3:17 | Crear | Villager (Male) |
| 3:23 | Crear | Villager (Male) |
| 4:05 | Crear | Villager (Male) |
| 4:35 | Crear | Villager (Male) |
| 4:48 | Construir | Mill |
| 4:55 | Crear | Villager (Male) |
| 5:19 | Crear | Villager (Male) |
| 5:31 | Construir | House |
| 5:33 | Construir | House |
| 5:43 | Crear | Villager (Male) |
| 6:32 | Crear | Villager (Male) |
| 7:57 | Investigar | Feudal Age |
| 8:30 | Construir | Mining Camp |
| 8:54 | Construir | Barracks |
| 9:08 | Construir | Mill |
| 9:18 | Construir | Farm |
| 9:45 | Crear | Villager (Male) |
| 9:54 | Crear | Militia |
| 10:07 | Edad | Edad Feudal |
| 10:26 | Crear | Spearman |
| 10:36 | Construir | Farm |
| 10:42 | Crear | Villager (Male) |
| 10:43 | Crear | Villager (Male) |
| 10:46 | Investigar | Double-Bit Axe |
| 10:53 | Investigar | Man-at-Arms (upgrade) |
| 10:55 | Crear | Spearman |
| 11:19 | Crear | Villager (Male) |
| 11:19 | Crear | Villager (Male) |
| 11:40 | Construir | Farm |
| 12:33 | Crear | Villager (Male) |
| 13:10 | Crear | Spearman |
| 13:14 | Crear | Villager (Male) |
| 13:24 | Construir | House |
| 13:37 | Construir | House |
| 13:39 | Construir | House |
| 14:11 | Crear | Villager (Male) |
| 15:27 | Construir | Market |
| 15:32 | Crear | Villager (Male) |
| 16:15 | Crear | Villager (Male) |
| 16:18 | Construir | Farm |
| 16:47 | Construir | Farm |
| 17:16 | Investigar | Castle Age |
| 17:37 | Construir | Lumber Camp |
| 18:15 | Crear | Spearman |
| 18:15 | Crear | Spearman |
| 18:53 | Construir | Stable |
| 19:56 | Edad | Edad de los Castillos |
| 20:01 | Construir | Town Center |
| 20:04 | Crear | Villager (Male) |
| 20:04 | Crear | Villager (Male) |
| 20:09 | Crear | Knight |
| 20:09 | Crear | Knight |
| 20:16 | Crear | Villager (Male) |
| 20:16 | Crear | Villager (Male) |
| 20:53 | Crear | Villager (Male) |
| 20:53 | Crear | Villager (Male) |
| 21:00 | Construir | Farm |
| 21:27 | Crear | Villager (Male) |
| 21:42 | Crear | Villager (Male) |
| 21:50 | Construir | Farm |
| 22:05 | Crear | Villager (Male) |
| 22:09 | Construir | Farm |
| 22:14 | Construir | Farm |
| 22:19 | Investigar | Horse Collar |
| 22:41 | Construir | Farm |
| 22:43 | Crear | Villager (Male) |
| 22:47 | Construir | Farm |
| 23:02 | Construir | Lumber Camp |
| 23:11 | Crear | Villager (Male) |
| 23:15 | Construir | Farm |
| 23:19 | Construir | Farm |
| 23:20 | Crear | Villager (Male) |
| 23:20 | Crear | Villager (Male) |
| 23:55 | Crear | Villager (Male) |
| 24:02 | Construir | Farm |
| 24:06 | Construir | Farm |
| 24:08 | Crear | Villager (Male) |
| 24:08 | Crear | Villager (Male) |
| 24:30 | Construir | House |
| 24:31 | Construir | House |
| 24:32 | Construir | House |
| 24:33 | Construir | House |
| 24:35 | Construir | House |
| 25:13 | Crear | Villager (Male) |
| 25:27 | Crear | Villager (Male) |
| 25:27 | Crear | Villager (Male) |
| 25:38 | Investigar | Gold Mining |
| 26:13 | Crear | Battle Elephant |
| 26:13 | Crear | Battle Elephant |
| 26:24 | Crear | Villager (Male) |
| 26:24 | Crear | Villager (Male) |
| 26:28 | Crear | Villager (Male) |
| 26:44 | Construir | Town Center |
| 26:55 | Crear | Villager (Male) |
| 26:55 | Crear | Villager (Male) |
| 26:58 | Construir | House |
| 26:59 | Construir | House |
| 27:00 | Construir | House |
| 27:03 | Construir | House |
| 27:04 | Construir | House |
| 27:46 | Crear | Villager (Male) |
| 27:46 | Crear | Villager (Male) |
| 28:14 | Crear | Villager (Male) |
| 28:15 | Crear | Villager (Male) |
| 28:16 | Crear | Villager (Male) |
| 28:16 | Crear | Villager (Male) |
| 28:20 | Construir | Mining Camp |
| 28:22 | Crear | Villager (Male) |
| 28:22 | Crear | Villager (Male) |
| 28:24 | Crear | Villager (Male) |
| 28:24 | Crear | Villager (Male) |
| 29:29 | Crear | Villager (Male) |
| 29:29 | Crear | Villager (Male) |
| 29:58 | Construir | Farm |
| 29:58 | Construir | Farm |
| 29:59 | Construir | Farm |
| 29:59 | Construir | Farm |
| 29:59 | Construir | Farm |
| 30:02 | Crear | Villager (Male) |
| 30:02 | Crear | Villager (Male) |
| 30:14 | Investigar | Imperial Age |
| 30:17 | Crear | Villager (Male) |
| 30:17 | Crear | Villager (Male) |
| 30:21 | Construir | House |
| 30:22 | Construir | House |
| 30:23 | Construir | House |
| 30:24 | Construir | House |
| 30:25 | Construir | House |
| 30:29 | Crear | Spearman |
| 30:29 | Crear | Spearman |
| 30:55 | Crear | Villager (Male) |
| 30:55 | Crear | Villager (Male) |
| 31:09 | Construir | Stable |
| 31:11 | Construir | Stable |
| 31:16 | Investigar | Husbandry |
| 31:38 | Investigar | Pikeman (upgrade) |
| 31:49 | Crear | Villager (Male) |
| 32:01 | Crear | Villager (Male) |
| 32:01 | Crear | Villager (Male) |
Build order — [PPP] BlackPanter
Primeras 150 de 333 acciones detectadas
| 0:02 | Crear | Villager (Male) |
| 0:02 | Crear | Villager (Male) |
| 0:02 | Crear | Villager (Male) |
| 0:04 | Construir | House |
| 0:05 | Construir | House |
| 0:20 | Crear | Villager (Male) |
| 0:21 | Crear | Villager (Male) |
| 1:25 | Crear | Villager (Male) |
| 1:52 | Construir | Mill |
| 2:01 | Crear | Villager (Male) |
| 2:02 | Crear | Villager (Male) |
| 2:27 | Crear | Villager (Male) |
| 2:58 | Crear | Villager (Male) |
| 2:58 | Crear | Villager (Male) |
| 2:59 | Crear | Villager (Male) |
| 3:24 | Crear | Villager (Male) |
| 3:24 | Crear | Villager (Male) |
| 3:31 | Crear | Villager (Male) |
| 3:31 | Crear | Villager (Male) |
| 3:57 | Crear | Villager (Male) |
| 3:57 | Crear | Villager (Male) |
| 4:29 | Construir | House |
| 4:39 | Investigar | Loom |
| 4:40 | Crear | Villager (Male) |
| 4:40 | Crear | Villager (Male) |
| 4:50 | Construir | House |
| 4:55 | Crear | Villager (Male) |
| 4:55 | Crear | Villager (Male) |
| 5:26 | Crear | Villager (Male) |
| 5:29 | Construir | Mill |
| 5:30 | Crear | Villager (Male) |
| 5:31 | Crear | Villager (Male) |
| 6:13 | Crear | Villager (Male) |
| 6:22 | Crear | Villager (Male) |
| 6:54 | Crear | Villager (Male) |
| 6:58 | Crear | Villager (Male) |
| 7:15 | Construir | Lumber Camp |
| 7:28 | Crear | Villager (Male) |
| 8:04 | Investigar | Feudal Age |
| 9:49 | Construir | Barracks |
| 10:13 | Crear | Villager (Male) |
| 10:34 | Edad | Edad Feudal |
| 10:37 | Construir | Stable |
| 10:39 | Crear | Villager (Male) |
| 10:47 | Construir | House |
| 10:55 | Investigar | Horse Collar |
| 10:59 | Crear | Villager (Male) |
| 11:11 | Investigar | Double-Bit Axe |
| 11:22 | Crear | Scout Cavalry |
| 11:22 | Crear | Scout Cavalry |
| 11:22 | Crear | Scout Cavalry |
| 11:27 | Construir | Farm |
| 11:30 | Crear | Villager (Male) |
| 12:12 | Crear | Villager (Male) |
| 12:15 | Construir | Farm |
| 12:16 | Construir | Farm |
| 12:17 | Construir | Farm |
| 12:57 | Crear | Villager (Male) |
| 13:00 | Construir | Farm |
| 13:01 | Construir | Farm |
| 13:02 | Construir | Farm |
| 13:03 | Construir | Farm |
| 13:04 | Crear | Villager (Male) |
| 13:06 | Construir | House |
| 13:07 | Construir | House |
| 13:09 | Crear | Scout Cavalry |
| 13:30 | Investigar | Wheelbarrow |
| 13:31 | Crear | Villager (Male) |
| 13:33 | Construir | Blacksmith |
| 13:41 | Construir | Farm |
| 13:42 | Crear | Villager (Male) |
| 13:46 | Crear | Villager (Male) |
| 14:20 | Construir | Mining Camp |
| 15:01 | Investigar | Scale Barding Armor |
| 15:10 | Construir | Farm |
| 15:11 | Construir | Farm |
| 15:12 | Construir | Farm |
| 15:14 | Construir | Farm |
| 15:22 | Construir | Farm |
| 16:02 | Crear | Villager (Male) |
| 16:02 | Crear | Villager (Male) |
| 16:05 | Construir | Farm |
| 16:07 | Construir | Farm |
| 16:09 | Crear | Villager (Male) |
| 16:31 | Construir | Farm |
| 16:32 | Crear | Villager (Male) |
| 17:13 | Crear | Villager (Male) |
| 17:16 | Construir | Farm |
| 17:18 | Crear | Villager (Male) |
| 17:43 | Investigar | Castle Age |
| 17:56 | Construir | Farm |
| 17:57 | Construir | Farm |
| 17:58 | Construir | Farm |
| 18:42 | Crear | Scout Cavalry |
| 19:10 | Investigar | Bloodlines |
| 19:19 | Crear | Scout Cavalry |
| 19:26 | Construir | Stable |
| 19:32 | Investigar | Forging |
| 19:37 | Investigar | Gold Mining |
| 19:39 | Crear | Villager (Male) |
| 20:15 | Crear | Scout Cavalry |
| 20:22 | Crear | Villager (Male) |
| 20:47 | Edad | Edad de los Castillos |
| 20:54 | Construir | Town Center |
| 21:23 | Crear | Villager (Male) |
| 21:25 | Investigar | Bow Saw |
| 21:33 | Construir | Town Center |
| 21:38 | Crear | Villager (Male) |
| 21:42 | Construir | House |
| 21:47 | Construir | House |
| 22:01 | Investigar | Chain Barding Armor |
| 22:02 | Investigar | Iron Casting |
| 22:06 | Investigar | Chain Barding Armor |
| 22:07 | Crear | Villager (Male) |
| 22:21 | Crear | Villager (Male) |
| 22:30 | Crear | Villager (Male) |
| 22:31 | Crear | Villager (Male) |
| 22:38 | Crear | Villager (Male) |
| 23:07 | Investigar | Town Watch |
| 23:08 | Crear | Villager (Male) |
| 23:08 | Crear | Villager (Male) |
| 23:09 | Crear | Villager (Male) |
| 23:27 | Crear | Villager (Male) |
| 23:28 | Crear | Villager (Male) |
| 23:31 | Construir | Farm |
| 23:32 | Construir | Farm |
| 23:34 | Crear | Villager (Male) |
| 23:37 | Crear | Villager (Male) |
| 23:40 | Construir | Farm |
| 23:44 | Construir | Farm |
| 23:47 | Construir | Farm |
| 23:50 | Construir | Farm |
| 23:51 | Crear | Villager (Male) |
| 23:52 | Crear | Villager (Male) |
| 23:56 | Construir | House |
| 24:00 | Crear | Villager (Male) |
| 24:00 | Crear | Villager (Male) |
| 24:03 | Construir | House |
| 24:04 | Crear | Villager (Male) |
| 24:16 | Crear | Villager (Male) |
| 24:17 | Crear | Villager (Male) |
| 24:17 | Crear | Villager (Male) |
| 24:21 | Crear | Villager (Male) |
| 24:23 | Crear | Villager (Male) |
| 24:23 | Crear | Villager (Male) |
| 24:31 | Crear | Villager (Male) |
| 24:31 | Crear | Villager (Male) |
| 24:57 | Crear | Villager (Male) |
| 25:10 | Crear | Villager (Male) |
| 25:11 | Construir | Farm |
Build order — Grnhulk
Primeras 150 de 262 acciones detectadas
| 0:01 | Crear | Villager (Male) |
| 0:01 | Crear | Villager (Male) |
| 0:02 | Crear | Villager (Male) |
| 0:02 | Crear | Villager (Male) |
| 0:06 | Construir | House |
| 0:10 | Construir | House |
| 1:37 | Crear | Villager (Male) |
| 1:38 | Crear | Villager (Male) |
| 2:09 | Crear | Villager (Male) |
| 2:10 | Crear | Villager (Male) |
| 2:19 | Construir | House |
| 2:25 | Construir | House |
| 2:29 | Crear | Villager (Male) |
| 2:29 | Crear | Villager (Male) |
| 2:55 | Crear | Villager (Male) |
| 2:55 | Crear | Villager (Male) |
| 3:06 | Crear | Villager (Male) |
| 3:06 | Crear | Villager (Male) |
| 3:06 | Crear | Villager (Male) |
| 3:46 | Crear | Villager (Male) |
| 4:01 | Crear | Villager (Male) |
| 4:01 | Crear | Villager (Male) |
| 4:22 | Construir | Lumber Camp |
| 4:28 | Crear | Villager (Male) |
| 4:28 | Crear | Villager (Male) |
| 5:05 | Crear | Villager (Male) ×2 |
| 5:06 | Crear | Villager (Male) ×2 |
| 5:47 | Crear | Villager (Male) ×5 |
| 5:48 | Crear | Villager (Male) ×5 |
| 5:48 | Crear | Villager (Male) |
| 6:27 | Crear | Villager (Male) |
| 6:27 | Crear | Villager (Male) |
| 6:51 | Construir | Mill |
| 7:03 | Crear | Villager (Male) |
| 7:04 | Crear | Villager (Male) |
| 7:33 | Crear | Villager (Male) ×5 |
| 7:44 | Construir | Mill |
| 7:55 | Construir | House |
| 8:39 | Construir | Mining Camp |
| 8:51 | Investigar | Feudal Age |
| 10:32 | Crear | Villager (Male) |
| 10:32 | Crear | Villager (Male) |
| 11:01 | Edad | Edad Feudal |
| 11:13 | Construir | Market |
| 11:26 | Construir | Blacksmith |
| 11:32 | Investigar | Double-Bit Axe |
| 11:39 | Crear | Villager (Male) |
| 11:43 | Crear | Villager (Male) |
| 12:39 | Construir | Farm |
| 12:41 | Construir | Farm |
| 12:42 | Construir | Farm |
| 12:43 | Construir | Farm |
| 12:44 | Construir | Farm |
| 12:45 | Construir | Farm |
| 12:47 | Construir | Farm |
| 12:48 | Construir | Farm |
| 13:14 | Construir | Farm |
| 13:19 | Investigar | Castle Age |
| 13:30 | Construir | House |
| 13:31 | Construir | House |
| 13:32 | Construir | House |
| 14:11 | Construir | Farm |
| 14:12 | Construir | Farm |
| 14:14 | Construir | Farm |
| 14:15 | Construir | Farm |
| 14:17 | Construir | Farm |
| 14:18 | Construir | Farm |
| 14:20 | Construir | Farm |
| 14:22 | Construir | Farm |
| 14:29 | Investigar | Horse Collar |
| 15:29 | Construir | Farm |
| 15:31 | Construir | Farm |
| 15:32 | Construir | Farm |
| 15:39 | Investigar | Wheelbarrow |
| 15:40 | Crear | Villager (Male) |
| 15:40 | Crear | Villager (Male) |
| 15:59 | Edad | Edad de los Castillos |
| 16:03 | Construir | Town Center |
| 16:19 | Construir | Town Center |
| 16:29 | Crear | Villager (Male) |
| 16:29 | Crear | Villager (Male) |
| 16:29 | Crear | Villager (Male) |
| 16:42 | Investigar | Heavy Plow |
| 16:49 | Crear | Villager (Male) |
| 17:31 | Crear | Villager (Male) |
| 17:35 | Crear | Villager (Male) ×2 |
| 18:09 | Crear | Villager (Male) |
| 18:09 | Crear | Villager (Male) |
| 18:18 | Crear | Villager (Male) |
| 18:18 | Crear | Villager (Male) |
| 18:25 | Construir | Farm |
| 18:26 | Construir | Farm |
| 18:28 | Construir | Farm |
| 18:29 | Construir | Farm |
| 18:31 | Construir | Farm |
| 18:33 | Construir | Farm |
| 18:34 | Construir | Farm |
| 18:35 | Construir | Farm |
| 18:36 | Construir | Farm |
| 18:38 | Construir | Farm |
| 18:39 | Construir | Farm |
| 18:40 | Construir | Farm |
| 18:43 | Construir | Farm |
| 18:47 | Crear | Villager (Male) ×2 |
| 18:47 | Crear | Villager (Male) ×2 |
| 19:09 | Investigar | Bow Saw |
| 19:09 | Investigar | Bow Saw |
| 19:25 | Crear | Villager (Male) |
| 19:25 | Crear | Villager (Male) |
| 19:43 | Crear | Villager (Male) ×2 |
| 19:43 | Crear | Villager (Male) ×2 |
| 19:55 | Crear | Villager (Male) |
| 19:55 | Crear | Villager (Male) |
| 19:56 | Crear | Villager (Male) |
| 19:56 | Crear | Villager (Male) |
| 20:01 | Crear | Villager (Male) |
| 20:16 | Construir | Monastery |
| 20:21 | Construir | University |
| 20:30 | Investigar | Gold Mining |
| 20:32 | Crear | Villager (Male) ×2 |
| 20:43 | Crear | Villager (Male) |
| 20:43 | Crear | Villager (Male) |
| 20:53 | Crear | Villager (Male) |
| 20:53 | Crear | Villager (Male) |
| 20:59 | Crear | Villager (Male) |
| 21:05 | Crear | Villager (Male) |
| 21:08 | Crear | Monk |
| 21:22 | Construir | House |
| 21:23 | Construir | House |
| 21:27 | Construir | House |
| 21:28 | Construir | House |
| 21:31 | Construir | House |
| 21:33 | Construir | House |
| 21:34 | Construir | House |
| 21:37 | Construir | House |
| 21:38 | Construir | House |
| 21:41 | Construir | House |
| 21:42 | Construir | House |
| 21:52 | Construir | House |
| 22:01 | Construir | Barracks |
| 22:48 | Investigar | Hand Cart |
| 22:52 | Crear | Villager (Male) ×5 |
| 22:58 | Crear | Villager (Male) |
| 22:59 | Crear | Villager (Male) |
| 23:03 | Crear | Villager (Male) ×5 |
| 23:03 | Crear | Villager (Male) |
| 23:23 | Construir | Lumber Camp |
| 24:14 | Crear | Villager (Male) |
| 24:14 | Crear | Villager (Male) |
| 24:15 | Crear | Villager (Male) |
Build order — _188_Lara88_Arg_
Primeras 150 de 323 acciones detectadas
| 0:02 | Crear | Villager (Male) |
| 0:03 | Crear | Villager (Male) |
| 0:03 | Crear | Villager (Male) |
| 0:03 | Crear | Villager (Male) |
| 0:04 | Construir | House |
| 0:06 | Construir | House |
| 1:34 | Crear | Villager (Male) |
| 1:34 | Crear | Villager (Male) |
| 2:01 | Crear | Villager (Male) |
| 2:02 | Crear | Villager (Male) |
| 2:04 | Construir | Lumber Camp |
| 2:20 | Crear | Villager (Male) |
| 2:20 | Crear | Villager (Male) |
| 3:13 | Crear | Villager (Male) |
| 3:15 | Crear | Villager (Male) |
| 3:16 | Crear | Villager (Male) |
| 3:37 | Crear | Villager (Male) |
| 3:37 | Crear | Villager (Male) |
| 3:44 | Construir | House |
| 4:15 | Crear | Villager (Male) |
| 4:15 | Crear | Villager (Male) |
| 4:16 | Crear | Villager (Male) |
| 4:16 | Crear | Villager (Male) |
| 4:39 | Crear | Villager (Male) |
| 4:39 | Crear | Villager (Male) |
| 4:50 | Construir | Mill |
| 5:57 | Construir | House |
| 6:04 | Crear | Villager (Male) |
| 6:04 | Crear | Villager (Male) |
| 6:05 | Investigar | Loom |
| 6:51 | Crear | Villager (Male) |
| 7:29 | Investigar | Feudal Age |
| 7:33 | Construir | House |
| 8:12 | Construir | Barracks |
| 9:04 | Crear | Villager (Male) |
| 9:05 | Crear | Villager (Male) |
| 9:39 | Edad | Edad Feudal |
| 9:42 | Construir | Stable |
| 9:47 | Construir | Blacksmith |
| 9:51 | Crear | Villager (Male) |
| 9:56 | Construir | Mill |
| 10:13 | Investigar | Double-Bit Axe |
| 10:18 | Crear | Villager (Male) |
| 10:45 | Crear | Scout Cavalry |
| 10:45 | Crear | Scout Cavalry |
| 11:16 | Crear | Villager (Male) |
| 11:31 | Construir | Siege Workshop |
| 11:33 | Crear | Villager (Male) |
| 11:41 | Construir | House |
| 11:43 | Construir | House |
| 11:47 | Construir | House |
| 11:49 | Crear | Villager (Male) |
| 12:22 | Crear | Villager (Male) |
| 12:55 | Crear | Villager (Male) |
| 12:59 | Construir | Farm |
| 13:01 | Construir | Farm |
| 13:01 | Construir | Farm |
| 13:02 | Construir | Farm |
| 13:02 | Construir | Farm |
| 13:02 | Construir | Farm |
| 13:02 | Construir | Farm |
| 13:09 | Crear | Villager (Male) |
| 13:16 | Crear | Villager (Male) |
| 13:24 | Investigar | Bloodlines |
| 13:32 | Construir | House |
| 13:36 | Construir | Farm |
| 13:36 | Construir | Farm |
| 13:37 | Construir | Farm |
| 13:37 | Construir | Farm |
| 13:37 | Construir | Farm |
| 13:38 | Construir | Farm |
| 13:38 | Construir | Farm |
| 13:38 | Construir | Farm |
| 14:08 | Construir | Farm |
| 14:22 | Crear | Villager (Male) |
| 14:23 | Crear | Villager (Male) |
| 14:23 | Crear | Villager (Male) |
| 15:07 | Crear | Villager (Male) |
| 15:19 | Construir | Town Center |
| 16:04 | Construir | Mining Camp |
| 16:14 | Crear | Villager (Male) |
| 16:14 | Crear | Villager (Male) |
| 16:14 | Crear | Villager (Male) |
| 16:15 | Crear | Villager (Male) |
| 16:15 | Crear | Villager (Male) |
| 16:40 | Investigar | Gold Mining |
| 16:49 | Crear | Villager (Male) |
| 16:50 | Crear | Villager (Male) |
| 17:32 | Crear | Villager (Male) |
| 17:53 | Crear | Villager (Male) |
| 18:06 | Construir | Farm |
| 18:06 | Construir | Farm |
| 18:06 | Construir | Farm |
| 18:07 | Construir | Farm |
| 18:07 | Construir | Farm |
| 18:07 | Construir | Farm |
| 18:08 | Construir | Farm |
| 18:12 | Investigar | Horse Collar |
| 18:25 | Crear | Villager (Male) |
| 18:40 | Construir | Market |
| 18:49 | Construir | Farm |
| 18:49 | Construir | Farm |
| 18:49 | Construir | Farm |
| 18:50 | Construir | Farm |
| 18:50 | Construir | Farm |
| 18:50 | Construir | Farm |
| 18:51 | Construir | Farm |
| 18:51 | Construir | Farm |
| 19:04 | Construir | House |
| 19:24 | Crear | Villager (Male) |
| 19:24 | Crear | Villager (Male) |
| 19:24 | Crear | Villager (Male) |
| 19:24 | Crear | Villager (Male) |
| 19:26 | Crear | Villager (Male) |
| 19:26 | Crear | Villager (Male) |
| 19:35 | Construir | Mill |
| 19:37 | Construir | Farm |
| 19:37 | Construir | Farm |
| 19:37 | Construir | Farm |
| 19:38 | Construir | Farm |
| 19:38 | Construir | Farm |
| 19:38 | Construir | Farm |
| 19:39 | Construir | Farm |
| 19:41 | Crear | Villager (Male) |
| 19:53 | Construir | Farm |
| 19:54 | Construir | Farm |
| 19:58 | Construir | Farm |
| 20:01 | Crear | Villager (Male) |
| 20:13 | Construir | Farm |
| 20:19 | Investigar | Wheelbarrow |
| 20:27 | Construir | House |
| 20:29 | Construir | House |
| 20:31 | Construir | House |
| 20:37 | Crear | Villager (Male) |
| 21:00 | Crear | Villager (Male) |
| 21:05 | Investigar | Loom |
| 21:07 | Crear | Villager (Male) |
| 21:09 | Crear | Villager (Male) |
| 21:21 | Construir | Palisade Wall |
| 21:22 | Construir | Palisade Wall |
| 21:33 | Crear | Villager (Male) |
| 21:33 | Crear | Villager (Male) |
| 21:47 | Construir | Farm |
| 21:47 | Construir | Farm |
| 21:47 | Construir | Farm |
| 21:48 | Construir | Farm |
| 21:48 | Construir | Farm |
| 21:48 | Construir | Farm |
| 21:49 | Construir | Farm |
| 21:49 | Construir | Farm |
Build order — MaxedWayOut
Primeras 150 de 228 acciones detectadas
| 0:02 | Crear | Villager (Male) |
| 0:02 | Crear | Villager (Male) |
| 0:02 | Crear | Villager (Male) |
| 0:02 | Crear | Villager (Male) |
| 0:04 | Construir | House |
| 0:06 | Construir | House |
| 1:26 | Crear | Villager (Male) |
| 1:52 | Construir | Lumber Camp |
| 2:15 | Crear | Villager (Male) |
| 2:38 | Crear | Villager (Male) |
| 3:02 | Crear | Villager (Male) |
| 3:20 | Crear | Villager (Male) |
| 4:13 | Construir | House |
| 4:17 | Crear | Villager (Male) |
| 4:18 | Crear | Villager (Male) |
| 4:45 | Construir | Mill |
| 4:52 | Crear | Villager (Male) |
| 5:02 | Crear | Villager (Male) |
| 5:35 | Crear | Villager (Male) |
| 6:12 | Crear | Villager (Male) |
| 6:18 | Construir | House |
| 6:30 | Crear | Villager (Male) |
| 6:31 | Crear | Villager (Male) |
| 7:05 | Crear | Villager (Male) |
| 7:49 | Construir | Mill |
| 8:00 | Crear | Villager (Male) |
| 8:00 | Crear | Villager (Male) |
| 8:07 | Construir | House |
| 8:57 | Crear | Villager (Male) |
| 8:58 | Crear | Villager (Male) |
| 9:36 | Crear | Villager (Male) |
| 9:37 | Crear | Villager (Male) |
| 9:49 | Construir | Mining Camp |
| 10:08 | Construir | Farm |
| 10:08 | Construir | Farm |
| 10:09 | Construir | Farm |
| 10:10 | Construir | Farm |
| 10:10 | Construir | Farm |
| 10:16 | Crear | Villager (Male) |
| 10:16 | Crear | Villager (Male) |
| 11:07 | Investigar | Feudal Age |
| 11:12 | Construir | Farm |
| 11:18 | Construir | Farm |
| 11:42 | Crear | Villager (Male) |
| 11:45 | Construir | Farm |
| 11:59 | Construir | House |
| 12:00 | Construir | House |
| 13:23 | Construir | House |
| 13:40 | Construir | Market |
| 13:43 | Construir | Blacksmith |
| 13:47 | Crear | Villager (Male) |
| 13:47 | Crear | Villager (Male) |
| 14:26 | Construir | House |
| 15:16 | Crear | Villager (Male) |
| 15:19 | Investigar | Castle Age |
| 15:28 | Construir | Barracks |
| 15:30 | Crear | Villager (Male) |
| 15:30 | Crear | Villager (Male) |
| 15:33 | Investigar | Double-Bit Axe |
| 15:46 | Construir | Mining Camp |
| 15:53 | Construir | Farm |
| 15:53 | Construir | Farm |
| 15:54 | Construir | Farm |
| 16:03 | Investigar | Gold Mining |
| 18:07 | Construir | Monastery |
| 18:17 | Construir | Siege Workshop |
| 18:28 | Crear | Villager (Male) |
| 18:40 | Construir | Farm |
| 18:44 | Construir | Farm |
| 19:14 | Investigar | Imperial Age |
| 19:20 | Construir | Mining Camp |
| 19:28 | Construir | Farm |
| 19:30 | Construir | Farm |
| 19:48 | Construir | Lumber Camp |
| 19:59 | Construir | House |
| 20:01 | Construir | House |
| 20:01 | Construir | House |
| 20:03 | Construir | House |
| 20:04 | Construir | House |
| 20:05 | Construir | House |
| 20:06 | Construir | House |
| 20:15 | Crear | Monk |
| 20:32 | Investigar | Bow Saw |
| 20:37 | Construir | Farm |
| 21:33 | Crear | Monk |
| 21:47 | Construir | Archery Range |
| 22:10 | Crear | Villager (Male) |
| 22:10 | Crear | Villager (Male) |
| 22:31 | Crear | Bombard Cannon |
| 22:31 | Crear | Bombard Cannon |
| 22:52 | Investigar | Wheelbarrow |
| 22:53 | Crear | Villager (Male) |
| 22:56 | Investigar | Loom |
| 23:24 | Crear | Hand Cannoneer |
| 23:24 | Crear | Hand Cannoneer |
| 23:28 | Construir | Archery Range |
| 23:30 | Crear | Villager (Male) |
| 23:35 | Construir | House |
| 23:39 | Construir | House |
| 23:40 | Construir | House |
| 23:40 | Construir | House |
| 23:41 | Construir | House |
| 23:44 | Investigar | Padded Archer Armor |
| 24:04 | Crear | Hand Cannoneer |
| 24:04 | Crear | Hand Cannoneer |
| 24:04 | Crear | Hand Cannoneer |
| 24:24 | Construir | Town Center |
| 24:38 | Crear | Hand Cannoneer |
| 24:38 | Crear | Hand Cannoneer |
| 24:43 | Crear | Villager (Male) |
| 24:44 | Crear | Villager (Male) |
| 24:50 | Investigar | Horse Collar |
| 24:57 | Investigar | Gold Shaft Mining |
| 25:04 | Crear | Villager (Male) |
| 25:04 | Crear | Villager (Male) |
| 26:04 | Crear | Bombard Cannon |
| 26:31 | Crear | Villager (Male) |
| 26:31 | Crear | Villager (Male) |
| 26:32 | Crear | Villager (Male) |
| 26:35 | Investigar | Hand Cart |
| 27:08 | Investigar | Leather Archer Armor |
| 27:14 | Construir | Stable |
| 27:17 | Crear | Villager (Male) |
| 27:18 | Crear | Villager (Male) |
| 28:04 | Crear | Villager (Male) |
| 28:04 | Crear | Villager (Male) |
| 28:39 | Crear | Villager (Male) |
| 28:40 | Crear | Villager (Male) |
| 29:09 | Crear | Hand Cannoneer |
| 29:10 | Crear | Hand Cannoneer |
| 29:10 | Crear | Hand Cannoneer |
| 29:10 | Crear | Hand Cannoneer |
| 29:48 | Crear | Villager (Male) |
| 29:48 | Crear | Villager (Male) |
| 29:49 | Crear | Villager (Male) |
| 29:57 | Crear | Hand Cannoneer |
| 29:57 | Crear | Hand Cannoneer |
| 29:57 | Crear | Hand Cannoneer |
| 30:07 | Construir | Mining Camp |
| 30:12 | Construir | Mining Camp |
| 30:20 | Construir | House |
| 30:21 | Construir | House |
| 30:29 | Construir | University |
| 30:44 | Investigar | Ring Archer Armor |
| 31:01 | Crear | Scout Cavalry |
| 31:01 | Crear | Scout Cavalry |
| 31:04 | Investigar | Bloodlines |
| 31:31 | Investigar | Two-Man Saw |
| 31:49 | Crear | Hand Cannoneer |
| 31:50 | Crear | Hand Cannoneer |
Build order — [MCC] Bacteria-Am
Primeras 150 de 230 acciones detectadas
| 0:03 | Crear | Villager (Male) |
| 0:03 | Crear | Villager (Male) |
| 0:03 | Crear | Villager (Male) |
| 0:04 | Crear | Villager (Male) |
| 0:07 | Construir | House |
| 0:24 | Investigar | Loom |
| 0:41 | Construir | House |
| 0:42 | Construir | House |
| 0:43 | Construir | House |
| 0:44 | Construir | House |
| 1:58 | Crear | Villager (Male) |
| 2:31 | Crear | Villager (Male) |
| 2:46 | Construir | Mill |
| 2:52 | Crear | Villager (Male) |
| 3:25 | Crear | Villager (Male) |
| 3:47 | Crear | Villager (Male) |
| 4:08 | Crear | Villager (Male) |
| 4:38 | Crear | Villager (Male) |
| 4:53 | Crear | Villager (Male) |
| 4:54 | Crear | Villager (Male) |
| 4:54 | Crear | Villager (Male) |
| 5:34 | Crear | Villager (Male) |
| 5:57 | Crear | Villager (Male) |
| 5:57 | Crear | Villager (Male) |
| 5:58 | Crear | Villager (Male) |
| 6:39 | Crear | Villager (Male) |
| 6:39 | Crear | Villager (Male) |
| 6:40 | Crear | Villager (Male) |
| 6:40 | Crear | Villager (Male) |
| 7:19 | Construir | Lumber Camp |
| 7:32 | Crear | Villager (Male) |
| 8:32 | Crear | Villager (Male) |
| 8:33 | Crear | Villager (Male) |
| 8:33 | Crear | Villager (Male) |
| 8:33 | Crear | Villager (Male) |
| 8:34 | Crear | Villager (Male) |
| 8:36 | Crear | Villager (Male) |
| 9:12 | Construir | Mining Camp |
| 10:44 | Construir | Farm |
| 10:44 | Construir | Farm |
| 10:45 | Construir | Farm |
| 10:45 | Construir | Farm |
| 10:45 | Construir | Farm |
| 10:46 | Construir | Farm |
| 10:46 | Construir | Farm |
| 10:47 | Construir | Farm |
| 10:48 | Construir | Farm |
| 10:53 | Investigar | Feudal Age |
| 10:57 | Crear | Villager (Male) |
| 11:02 | Investigar | Feudal Age |
| 11:12 | Construir | Mining Camp |
| 11:45 | Construir | House |
| 11:46 | Construir | House |
| 11:47 | Construir | House |
| 11:48 | Construir | House |
| 11:50 | Construir | House |
| 12:01 | Crear | Villager (Male) ×4 |
| 12:06 | Crear | Villager (Male) |
| 13:37 | Edad | Edad Feudal |
| 13:45 | Construir | Market |
| 13:51 | Investigar | Double-Bit Axe |
| 13:59 | Construir | Farm |
| 14:01 | Construir | Farm |
| 14:41 | Construir | Blacksmith |
| 15:16 | Construir | Barracks |
| 15:36 | Investigar | Castle Age |
| 15:57 | Crear | Villager (Male) |
| 15:59 | Crear | Villager (Male) |
| 16:02 | Crear | Villager (Male) |
| 16:04 | Crear | Villager (Male) |
| 16:11 | Crear | Villager (Male) |
| 17:29 | Construir | Stable |
| 17:32 | Construir | Stable |
| 17:40 | Investigar | Wheelbarrow |
| 18:07 | Investigar | Stone Mining |
| 18:08 | Investigar | Gold Mining |
| 18:22 | Edad | Edad de los Castillos |
| 18:31 | Construir | House |
| 18:33 | Construir | House |
| 18:34 | Construir | House |
| 18:36 | Construir | House |
| 18:42 | Construir | House |
| 18:52 | Construir | University |
| 19:06 | Construir | Town Center |
| 20:14 | Construir | Town Center |
| 20:35 | Crear | Villager (Male) ×5 |
| 20:55 | Crear | Villager (Male) ×5 |
| 21:06 | Construir | Farm |
| 21:08 | Construir | Farm |
| 21:10 | Construir | Farm |
| 21:12 | Construir | Farm |
| 21:14 | Construir | Farm |
| 21:17 | Construir | Farm |
| 21:18 | Construir | Farm |
| 21:20 | Construir | Farm |
| 21:22 | Construir | Farm |
| 21:24 | Construir | Farm |
| 21:26 | Construir | Farm |
| 21:28 | Construir | Farm |
| 21:49 | Investigar | Bow Saw |
| 22:33 | Investigar | Hand Cart |
| 22:44 | Crear | Villager (Male) ×5 |
| 22:47 | Crear | Villager (Male) ×4 |
| 22:49 | Crear | Villager (Male) |
| 22:57 | Construir | Farm |
| 22:58 | Construir | Farm |
| 22:59 | Construir | Farm |
| 23:00 | Construir | Farm |
| 23:01 | Construir | Farm |
| 23:02 | Construir | Farm |
| 23:13 | Construir | House |
| 23:19 | Construir | Farm |
| 23:28 | Crear | Villager (Male) ×2 |
| 23:58 | Construir | University |
| 24:07 | Crear | Villager (Male) ×4 |
| 24:19 | Crear | Villager (Male) |
| 24:49 | Construir | Castle |
| 25:00 | Crear | Villager (Male) ×5 |
| 25:10 | Construir | Monastery |
| 25:15 | Construir | House |
| 25:17 | Construir | House |
| 25:18 | Construir | House |
| 25:20 | Construir | House |
| 25:23 | Construir | House |
| 25:24 | Construir | House |
| 25:25 | Construir | House |
| 25:26 | Construir | House |
| 25:30 | Construir | House |
| 25:31 | Construir | House |
| 25:32 | Construir | House |
| 25:36 | Construir | House |
| 25:37 | Construir | House |
| 25:38 | Construir | House |
| 25:41 | Construir | House |
| 25:42 | Construir | House |
| 25:44 | Construir | House |
| 25:46 | Construir | House |
| 25:53 | Construir | Farm |
| 25:54 | Construir | Farm |
| 25:56 | Construir | Farm |
| 25:57 | Construir | Farm |
| 25:58 | Construir | Farm |
| 26:01 | Construir | Farm |
| 26:04 | Construir | Farm |
| 26:05 | Construir | Farm |
| 26:07 | Construir | Farm |
| 26:09 | Construir | Farm |
| 26:11 | Construir | Farm |
| 26:12 | Construir | Farm |
| 26:13 | Construir | Farm |
Build order — b7ackwar
Primeras 150 de 359 acciones detectadas
| 0:04 | Construir | House |
| 0:06 | Construir | House |
| 0:07 | Crear | Villager (Male) ×5 |
| 1:32 | Crear | Villager (Male) |
| 1:48 | Construir | Lumber Camp |
| 2:14 | Crear | Villager (Male) |
| 2:21 | Crear | Villager (Male) |
| 2:47 | Construir | House |
| 2:52 | Crear | Villager (Male) |
| 3:08 | Crear | Villager (Male) |
| 3:41 | Crear | Villager (Male) |
| 3:58 | Construir | Mill |
| 4:09 | Crear | Villager (Male) |
| 4:26 | Crear | Villager (Male) |
| 5:09 | Crear | Villager (Male) |
| 5:09 | Crear | Villager (Male) |
| 5:21 | Crear | Villager (Male) |
| 5:27 | Construir | House |
| 5:47 | Construir | Mill |
| 5:48 | Crear | Villager (Male) |
| 5:49 | Crear | Villager (Male) |
| 6:25 | Crear | Villager (Male) |
| 6:58 | Construir | Mining Camp |
| 7:24 | Crear | Villager (Male) |
| 7:25 | Crear | Villager (Male) |
| 8:00 | Construir | House |
| 8:31 | Investigar | Feudal Age |
| 8:31 | Investigar | Loom |
| 10:34 | Edad | Edad Feudal |
| 10:45 | Construir | Blacksmith |
| 10:50 | Construir | Market |
| 10:59 | Crear | Villager (Male) |
| 11:00 | Crear | Villager (Male) |
| 11:57 | Investigar | Castle Age |
| 12:02 | Construir | Mining Camp |
| 12:25 | Construir | Outpost |
| 12:29 | Construir | Outpost |
| 12:42 | Investigar | Double-Bit Axe |
| 13:23 | Crear | Villager (Male) |
| 13:36 | Construir | House |
| 13:46 | Construir | Lumber Camp |
| 14:20 | Construir | House |
| 14:22 | Edad | Edad de los Castillos |
| 14:59 | Crear | Villager (Male) |
| 15:00 | Crear | Villager (Male) |
| 15:10 | Construir | House |
| 15:29 | Crear | Villager (Male) |
| 15:38 | Construir | Town Center |
| 15:45 | Construir | Town Center |
| 15:52 | Construir | House |
| 16:16 | Construir | Farm |
| 16:19 | Construir | Farm |
| 16:23 | Construir | Farm |
| 16:23 | Construir | Farm |
| 16:24 | Construir | Farm |
| 16:24 | Construir | Farm |
| 16:29 | Construir | Farm |
| 16:40 | Construir | Farm |
| 16:40 | Construir | Farm |
| 17:47 | Crear | Villager (Male) |
| 17:57 | Crear | Villager (Male) |
| 18:01 | Construir | Farm |
| 18:02 | Construir | Farm |
| 18:02 | Construir | Farm |
| 18:03 | Construir | Farm |
| 18:04 | Construir | Farm |
| 18:11 | Construir | Farm |
| 18:15 | Construir | Farm |
| 18:17 | Crear | Villager (Male) |
| 18:27 | Crear | Villager (Male) |
| 18:46 | Construir | Farm |
| 18:47 | Construir | Farm |
| 18:49 | Crear | Villager (Male) |
| 18:56 | Crear | Villager (Male) |
| 19:09 | Crear | Villager (Male) |
| 19:12 | Crear | Villager (Male) |
| 19:29 | Crear | Villager (Male) |
| 19:45 | Construir | Castle |
| 19:49 | Crear | Villager (Male) |
| 19:49 | Crear | Villager (Male) |
| 19:50 | Crear | Villager (Male) |
| 19:56 | Construir | Farm |
| 19:56 | Construir | Farm |
| 19:59 | Construir | Farm |
| 20:01 | Crear | Villager (Male) |
| 20:23 | Crear | Villager (Male) |
| 20:23 | Crear | Villager (Male) |
| 20:24 | Crear | Villager (Male) |
| 20:35 | Construir | Farm |
| 20:35 | Construir | Farm |
| 20:49 | Investigar | Bow Saw |
| 20:55 | Crear | Villager (Male) |
| 21:06 | Construir | Farm |
| 21:17 | Crear | Villager (Male) |
| 21:17 | Crear | Villager (Male) |
| 21:20 | Crear | Villager (Male) |
| 21:33 | Crear | Villager (Male) |
| 21:43 | Construir | Barracks |
| 21:47 | Crear | Villager (Male) |
| 21:48 | Crear | Villager (Male) |
| 21:57 | Investigar | Horse Collar |
| 22:08 | Crear | Villager (Male) |
| 22:08 | Crear | Villager (Male) |
| 22:16 | Crear | Villager (Male) |
| 22:17 | Crear | Villager (Male) |
| 22:25 | Construir | Mining Camp |
| 22:29 | Crear | Villager (Male) |
| 22:47 | Crear | Villager (Male) |
| 22:48 | Crear | Villager (Male) |
| 22:48 | Crear | Villager (Male) |
| 22:53 | Construir | Farm |
| 22:54 | Construir | Farm |
| 22:54 | Construir | Farm |
| 22:55 | Construir | Farm |
| 22:56 | Construir | Farm |
| 23:02 | Construir | Farm |
| 23:02 | Construir | Farm |
| 23:04 | Crear | Villager (Male) |
| 23:05 | Crear | Villager (Male) |
| 23:05 | Crear | Villager (Male) |
| 23:22 | Crear | Villager (Male) |
| 23:22 | Crear | Villager (Male) |
| 23:25 | Crear | Spearman |
| 23:26 | Crear | Spearman |
| 23:31 | Construir | Farm |
| 23:34 | Crear | Villager (Male) |
| 23:47 | Construir | Town Center |
| 23:54 | Crear | Villager (Male) |
| 23:54 | Crear | Villager (Male) |
| 24:04 | Crear | Villager (Male) |
| 24:05 | Crear | Villager (Male) |
| 24:15 | Crear | Villager (Male) |
| 24:16 | Crear | Villager (Male) |
| 24:22 | Crear | Villager (Male) |
| 24:23 | Crear | Villager (Male) |
| 24:36 | Construir | House |
| 24:38 | Construir | House |
| 24:38 | Construir | House |
| 24:42 | Crear | Villager (Male) |
| 24:42 | Crear | Villager (Male) |
| 24:54 | Investigar | Pikeman (upgrade) |
| 24:55 | Crear | Spearman |
| 24:56 | Crear | Villager (Male) |
| 24:57 | Crear | Villager (Male) |
| 25:04 | Construir | Farm |
| 25:05 | Construir | Farm |
| 25:06 | Construir | Farm |
| 25:07 | Construir | Farm |
| 25:24 | Construir | Farm |
| 25:24 | Construir | Farm |
Cronología de la partida
| 8:12 | _188_Lara88_Arg_ · first_building Barracks |
| 8:54 | BubbleButt87 · first_building Barracks |
| 9:39 | _188_Lara88_Arg_ · age_up feudal |
| 9:42 | _188_Lara88_Arg_ · first_building Stable |
| 9:49 | [PPP] BlackPanter · first_building Barracks |
| 10:07 | BubbleButt87 · age_up feudal |
| 10:33 | 满满 · age_up feudal |
| 10:34 | b7ackwar · age_up feudal |
| 10:34 | [PPP] BlackPanter · age_up feudal |
| 10:37 | [PPP] BlackPanter · first_building Stable |
| 11:01 | Grnhulk · age_up feudal |
| 11:31 | _188_Lara88_Arg_ · first_building Siege Workshop |
| 13:37 | [MCC] Bacteria-Am · age_up feudal |
| 14:22 | b7ackwar · age_up castle |
| 15:16 | [MCC] Bacteria-Am · first_building Barracks |
| 15:28 | MaxedWayOut · first_building Barracks |
| 15:59 | Grnhulk · age_up castle |
| 16:19 | 满满 · age_up castle |
| 16:43 | BubbleButt87 · first_market_sell 100 wood |
| 16:50 | BubbleButt87 · first_market_buy 100 food |
| 17:29 | [MCC] Bacteria-Am · first_building Stable |
| 17:53 | Grnhulk · tribute_sent a jugador 1 |
| 17:53 | Grnhulk · tribute_sent a jugador 2 |
| 17:53 | Grnhulk · tribute_sent a jugador 4 |
| 17:53 | Grnhulk · tribute_sent a jugador 5 |
| 17:53 | Grnhulk · tribute_sent a jugador 6 |
| 17:53 | Grnhulk · tribute_sent a jugador 7 |
| 17:53 | Grnhulk · tribute_sent a jugador 8 |
| 18:07 | MaxedWayOut · first_building Monastery |
| 18:17 | MaxedWayOut · first_building Siege Workshop |
| 18:22 | [MCC] Bacteria-Am · age_up castle |
| 18:52 | MaxedWayOut · first_market_buy 100 food |
| 18:53 | BubbleButt87 · first_building Stable |
| 19:45 | b7ackwar · first_building Castle |
| 19:56 | BubbleButt87 · age_up castle |
| 20:16 | Grnhulk · first_building Monastery |
| 20:28 | MaxedWayOut · first_market_sell 100 food |
| 20:47 | [PPP] BlackPanter · age_up castle |
| 21:21 | _188_Lara88_Arg_ · wall_segment Palisade Wall x1 |
| 21:22 | _188_Lara88_Arg_ · wall_segment Palisade Wall x1 |
| 21:43 | b7ackwar · first_building Barracks |
| 21:47 | MaxedWayOut · first_building Archery Range |
| 22:01 | Grnhulk · first_building Barracks |
| 24:49 | [MCC] Bacteria-Am · first_building Castle |
| 25:10 | [MCC] Bacteria-Am · first_building Monastery |
| 25:51 | [PPP] BlackPanter · first_building Monastery |
| 25:54 | _188_Lara88_Arg_ · age_up castle |
| 26:11 | _188_Lara88_Arg_ · first_building Monastery |
| 27:14 | MaxedWayOut · first_building Stable |
| 27:16 | Grnhulk · first_building Siege Workshop |
| 27:29 | 满满 · first_building Monastery |
| 28:43 | b7ackwar · first_building Stable |
| 29:18 | 满满 · first_building Castle |
| 30:14 | [PPP] BlackPanter · first_building Archery Range |
| 30:25 | 满满 · first_building Barracks |
| 30:27 | 满满 · first_building Siege Workshop |
| 31:16 | b7ackwar · age_up imperial |
| 31:26 | Grnhulk · age_up imperial |
| 31:42 | Grnhulk · first_building Castle |
| 31:42 | 满满 · first_building Archery Range |
| 31:43 | 满满 · first_building Stable |
| 31:46 | 满满 · age_up imperial |
| 31:52 | [MCC] Bacteria-Am · age_up imperial |
| 32:50 | [PPP] BlackPanter · age_up imperial |
| 33:24 | BubbleButt87 · age_up imperial |
| 33:29 | [MCC] Bacteria-Am · first_market_sell 500 food |
| 33:35 | [PPP] BlackPanter · first_building Siege Workshop |
| 34:12 | [PPP] BlackPanter · first_building Castle |
| 35:22 | BubbleButt87 · wall_segment Stone Wall x1 |
| 35:25 | _188_Lara88_Arg_ · first_building Castle |
| 36:56 | BubbleButt87 · first_building Castle |
| 37:07 | [PPP] BlackPanter · first_market_sell 100 food |
| 37:38 | _188_Lara88_Arg_ · resign |
| 38:08 | Grnhulk · tribute_sent a jugador 1 |
| 38:08 | Grnhulk · tribute_sent a jugador 2 |
| 38:08 | Grnhulk · tribute_sent a jugador 4 |
| 38:08 | Grnhulk · tribute_sent a jugador 5 |
| 38:08 | Grnhulk · tribute_sent a jugador 6 |
| 38:08 | Grnhulk · tribute_sent a jugador 7 |
| 38:08 | Grnhulk · tribute_sent a jugador 8 |
| 39:32 | Grnhulk · tribute_sent a jugador 1 |
| 39:32 | Grnhulk · tribute_sent a jugador 2 |
| 39:32 | Grnhulk · tribute_sent a jugador 4 |
| 39:32 | Grnhulk · tribute_sent a jugador 5 |
| 39:32 | Grnhulk · tribute_sent a jugador 6 |
| 39:32 | Grnhulk · tribute_sent a jugador 7 |
| 39:32 | Grnhulk · tribute_sent a jugador 8 |
[ ANÁLISIS IA · 1 CRÉDITO ]
¿Qué pasó realmente en esta partida?
Wolo.gg analiza cada decisión: build order, eco, micro, errores típicos por bracket. Análisis personalizado por WhatsApp o Discord en 30 segundos.
Guía civ
Mongoles
Perfil
Jugador #2641968